 Dungeon Crawl Stone Soup version 0.19-a0-718-gdd04e31 (webtiles) character file.

107 Magifyre the Conjurer (level 4, -2/24 HPs)
             Began as a Deep Elf Fire Elementalist on June 20, 2016.
             Slain by an orc wizard
             ... wielding a +0 dagger
              (4 damage)
             ... on level 3 of the Dungeon on June 21, 2016.
             The game lasted 00:10:41 (2923 turns).

Magifyre the Conjurer (Deep Elf Fire Elementalist)  Turns: 2923, Time: 00:10:43

Health: -2/24      AC:  3    Str:  5    XL:     4   Next: 56%
Magic:  0/10       EV: 12    Int: 19    God:
Gold:   123        SH:  4    Dex: 15    Spells: 2 memorised, 6 levels left

rFire  . . .     SeeInvis .     m - +2 mace (holy)
rCold  . . .     Gourm    .     a - +1 robe
rNeg   . . .     Faith    .     g - +0 buckler
rPois  .         Spirit   .     (no helmet)
rElec  .         Dismiss  .     (no cloak)
rCorr  .         Reflect  .     (no gloves)
SustAt .         Harm     .     (no boots)
MR     .....                    (no amulet)
Stlth  ++........               (no ring)
                                i - -2 ring of intelligence (curse)

@: not resistant to hostile enchantments, unstealthy
A: no striking features
a: no special abilities


You were on level 3 of the Dungeon.
You were not hungry.

You visited 1 branch of the dungeon, and saw 3 of its levels.
You also visited: Sewer.

You collected 123 gold pieces.

Inventory:

Hand Weapons
 m - a +2 mace of holy wrath (weapon)
Armour
 a - a +1 robe (worn)
 g - a +0 buckler (worn)
Jewellery
 i - a cursed -2 ring of intelligence (left hand)
 n - a +4 ring of evasion {unknown}
Scrolls
 o - a scroll of fear
 p - a scroll of blinking
Potions
 d - a potion of ambrosia {unknown}
 e - a potion of invisibility {unknown}
 f - 2 potions of magic {unknown}
 j - 2 potions of brilliance {unknown}
 l - 4 potions of curing {unknown}
 r - 2 potions of flight {unknown}
Books
 b - a book of Flames

   Spells                             Type                      Level
   a - Flame Tongue                   Conjuration/Fire             1
   b - Throw Flame                    Conjuration/Fire             2
   c - Conjure Flame                  Conjuration/Fire             3
   d - Inner Flame                    Hexes/Fire                   3
   e - Sticky Flame                   Conjuration/Fire             4
   f - Fireball                       Conjuration/Fire             5
Comestibles
 c - 2 bread rations
 h - 2 meat rations
 k - a beef jerky


   Skills:
 - Level 2.4 Dodging
 - Level 2.4 Stealth
 + Level 0.4 Shields
 + Level 3.1 Spellcasting
 + Level 4.3 Conjurations
 * Level 3.7 Fire Magic


You had 6 spell levels left.
You knew the following spells:

 Your Spells              Type           Power        Failure   Level  Hunger
a - Flame Tongue          Conj/Fire      ###..        6%          1    None
b - Throw Flame           Conj/Fire      ###...       10%         2    ##.....


Dungeon Overview and Level Annotations

Branches:
Dungeon (3/15)

Altars:
Ashenzari


Message History

Confirm with . or Enter, or press ? or * to list all spells.
You don't have enough magic to cast that spell.
Unknown command.
Unknown command.
Casting: Flame Tongue
Confirm with . or Enter, or press ? or * to list all spells.
You don't have enough magic to cast that spell.
Unknown command.
Unknown command.
Casting: Flame Tongue
Confirm with . or Enter, or press ? or * to list all spells.
You don't have enough magic to cast that spell.
Unknown command.
You barely miss the orc wizard.
The orc wizard is almost dead.
The orc wizard points at you and mumbles some strange words.
The puff of frost hits you!
* * * LOW HITPOINT WARNING * * *
The orc wizard hits you with a dagger.
You die...

..# #..# #..# ..# #.. # ... ..(
# .# ##+.# #+# #.## .# #.#
##...# #.# #..##)# ..#
##....###.###..#o# ## #.# #
##..............o###.##.# .#
#.........####.@..#.##.## #.#
+.........+.............## #...
#.........####......####.###...#
##......###########.# #..#....#
##......≈≈≈≈≈≈≈≈≈..# ###..#
##.....≈≈≈≈.≈≈≈≈..# ##.#
##+##.≈≈≈≈≈≈≈≈≈.## #.#
############# #.# ####.###


You could see an orc wizard and an orc.

Vanquished Creatures
  3 adders (D:2)
  An ooze (Sewer)
  A worm (Sewer)
  8 giant geckos
  2 orcs (D:3)
  9 bats
  6 giant cockroaches
  2 goblins
  8 hobgoblins
  4 jackals (Sewer)
  A quokka (D:2)
  3 ball pythons
  6 giant newts
  3 kobolds
  A rat (D:2)
58 creatures vanquished.

Notes
Turn   | Place    | Note
--------------------------------------------------------------
     0 | D:1      | Magifyre the Deep Elf Fire Elementalist began the quest for the Orb.
     0 | D:1      | Reached XP level 1. HP: 10/10 MP: 6/6
   222 | D:1      | Reached skill level 2 in Conjurations
   292 | D:1      | Reached XP level 2. HP: 15/15 MP: 6/8
   817 | D:2      | Learned a level 2 spell: Throw Flame
   831 | D:2      | Reached skill level 3 in Conjurations
  1213 | D:2      | Reached XP level 3. HP: 19/19 MP: 1/9
  1506 | D:2      | Reached skill level 4 in Conjurations
  1599 | D:2      | Found a shattered altar of Ashenzari.
  2054 | D:3      | Reached XP level 4. HP: 24/24 MP: 5/10
  2096 | D:3      | Found a glowing drain.
  2249 | Sewer    | Entered a sewer
  2923 | D:3      | Slain by an orc wizard

Vault maps used:
D:1:      dpeg_arrival_pits, roderic_greek_sauvastika
D:2:      ashenzari_altar_1, hangedman_decor_clover_reticule
D:3:      lemuel_doored_altar, portal_sewer_entry_f
Sewer:    sewer_fruit_machine

Skill      XL: |  1  2  3 |
---------------+----------+-----
Conjurations   | 2 3 4 |  4.3
Dodging        | |  2.4
Stealth        | |  2.4
Shields        | |  0.4
Spellcasting   | |  3.1
Fire Magic     | |  3.7

Action                   |  1- 3 |  4- 6 || total
-------------------------+-------+-------++-------
Melee: Mace              |     3 |     1 ||     4
 Cast: Flame Tongue      |    32 |    23 ||    55
       Throw Flame       |    34 |    12 ||    46
  Use: Scroll            |     2 |     2 ||     4
  Eat: Chunk             |     5 |     3 ||     8
Armor: Robe              |     3 |       ||     3
Dodge: Dodged            |     7 |     6 ||    13
Block: Buckler           |       |     1 ||     1
